 Dungeon Crawl Stone Soup version 0.30-a0-222-ge547ba4400 (webtiles) character file.

Game seed: 13503560826179067819

112537 qw the Severer (level 16, 1/1 HPs)
             Began as a Gargoyle Fighter on Oct 8, 2022.
             Was a Priest of Okawaru.
             Quit the game on level 2 of the Orcish Mines.
             The game lasted 00:23:45 (48424 turns).

qw the Severer (Gargoyle Fighter)                  Turns: 48424, Time: 00:23:46

Health: 1/1        AC: 50    Str: 29    XL:     16   Next: 60%
Magic:  23/23      EV: 10    Int: 12    God:    Okawaru [***...]
Gold:   1901       SH: 16    Dex:  9    Spells: 15/15 levels left

rFire   . . .      SeeInvis +    r - +6 broad axe (flame)
rCold   + + .      Faith    .    t - +0 kite shield
rNeg    + + .      Spirit   .    G - +1 crystal plate armour
rPois   inf        Reflect  +    n - +1 helmet
rElec   +          Harm     .    E - +2 cloak
rCorr   .          Rampage  .    a - +2 pair of gloves of Eternal Night {rC+ Int+2}
Will    +....      NoCast   +    b - +2 pair of boots "Hokoj" {-Cast rC+ rN+ Str+2}
Stlth   ..........               m - amulet of reflection
HPRegen 0.20/turn                x - ring of see invisible
MPRegen 0.18/turn                A - +4 ring of evasion

@: flying
A: sickness immunity, AC +12, big wings, negative energy resistance 1,
electricity resistance, torment resistance 1, petrification resistance
a: Renounce Religion, Heroism


You were on level 2 of the Orcish Mines.
You worshipped Okawaru.
Okawaru was most pleased with you.
You visited 3 branches of the dungeon, and saw 22 of its levels.
You visited the Abyss 1 time.
You also visited: Sewer and Gauntlet.

You collected 2043 gold pieces.
You spent 142 gold pieces at shops.


Innate Abilities, Weirdness & Mutations

You are immune to sickness and miasma.
Your stone body is resilient. (AC +12)
You are immune to poison.
Your large and strong wings let you fly.
You resist negative energy. (rN+)
You are resistant to electric shocks. (rElec)
You are resistant to unholy torment.
You are immune to petrification.


   Skills:
 - Level 12.0 Fighting
 + Level 16.3 Axes
 - Level 7.0 Throwing
 - Level 15.0 Armour
 - Level 3.0 Dodging
 - Level 13.0 Shields
 - Level 10.0 Invocations


You had 15 spell levels left.
You didn't know any spells.
Your spell library was empty.

Inventory:

Hand Weapons
 r - a +6 broad axe of flaming (weapon)
Missiles
 j - 5 boomerangs
 l - 2 silver javelins (quivered)
 D - 9 javelins
Armour
 a - the +2 pair of gloves of Eternal Night (worn) {rC+ Int+2}
   (You acquired it on level 2 of the Dungeon)

   Int:       It affects your intelligence (+2).
   rC:        It protects you from cold.
 b - the +2 pair of boots "Hokoj" (worn) {-Cast rC+ rN+ Str+2}
   (Okawaru gifted it to you on level 14 of the Dungeon)

   Str:       It affects your strength (+2).
   rC:        It protects you from cold.
   rN:        It protects you from negative energy.
   -Cast:     It prevents spellcasting.
 n - a +1 helmet (worn)
 q - a +2 hat of see invisible
 t - a +0 kite shield (worn)
 y - a +10 plate armour of ponderousness
 E - a +2 cloak (worn)
 G - a +1 crystal plate armour (worn)
Jewellery
 c - the amulet of Toxibuf {RegenMP rC+ rCorr Dex+2}
   (You acquired it on level 11 of the Dungeon)

   [amulet of magic regeneration]

   It increases your rate of magic regeneration.
   Dex:       It affects your dexterity (+2).
   rC:        It protects you from cold.
   rCorr:     It protects you from acid and corrosion.
 k - the ring of the Dolphin {Fire rPois}
   (You found it on level 4 of the Dungeon)

   [ring of fire]

   It enhances your fire magic.
   rF:        It protects you from fire.
   rC:        It makes you vulnerable to cold.
   rPois:     It protects you from poison.
 m - an amulet of reflection (around neck)
 u - a ring of ice
 w - a ring of protection from fire
 x - a ring of see invisible (left hand)
 A - a +4 ring of evasion (right hand)
 F - a +4 ring of protection
Wands
 o - a wand of digging (9)
Scrolls
 f - 13 scrolls of identify
 p - a scroll of teleportation
Potions
 d - 3 potions of might
 e - 2 potions of resistance
 g - 6 potions of mutation
 h - 6 potions of curing
 i - a potion of cancellation
 s - 5 potions of lignification
 v - 5 potions of attraction
 z - 2 potions of haste

Dungeon Overview and Level Annotations

Branches:
Dungeon (15/15)            Temple (0/1) D:6            Lair (5/5) D:9
 Shoals (0/4) Lair:3        Snake (0/4) Lair:3        Slime (0/5) Lair:5
    Orc (2/2) D:11         Vaults (0/5) D:14         Depths (0/4) D:15
  Sewer (visited)         Gauntlet (visited)
    Elf: Orc:2

Altars:
Ashenzari
Cheibriados
Dithmenos
Gozag
Hepliaklqana
Kikubaaqudgha
Makhleb
Okawaru
Ru
Trog
Xom
Zin
Jiyva

Shops:
D:5 [   D:6 :   Orc:1 :[(

Annotations:
D:3 Natasha
D:6 5 runed translucent doors, qw's ghost, novice GrFi
D:7 5 runed translucent doors
Lair:3 3 runed translucent doors, qw's ghost, journeyman GrFi


Message History

(U) Depths
Where to? (* - list waypoints, Enter - Orc:2 @ (x,y), ? - help)
What level of the Orcish Mines? (default 1, ? - help)
You fly upwards.
There is a stone staircase leading down, spattered with blood here.
Done exploring.
(D) Dungeon (T) Temple (L) Lair (A) Shoals (P) Snake Pit (M) Slime Pits (O) Orcish Mines (V) Vaults (U) Depths
Where to? (* - list waypoints, Enter - Orc:1, ? - help)
What level of the Orcish Mines? (default 1, ? - help)
You fly downwards.
There is a stone staircase leading up here.
Zot has nearly found you.
Suffering is imminent.
Descend or flee this branch!
There is a stone staircase leading up here.
You see here a +0 troll leather armour.
There is a stone staircase leading up here.
There is a stone staircase leading up here.
You see here a +0 troll leather armour.
There is a stone staircase leading up here.
There is a stone staircase leading up here.
(D) Dungeon (T) Temple (L) Lair (A) Shoals (P) Snake Pit (M) Slime Pits (O) Orcish Mines (V) Vaults (U) Depths
Where to? (* - list waypoints, Enter - Orc:2 @ (x,y), ? - help)
What level of the Orcish Mines? (default 1, ? - help)
You fly upwards.
There is a stone staircase leading down, spattered with blood here.
Done exploring.
(D) Dungeon (T) Temple (L) Lair (A) Shoals (P) Snake Pit (M) Slime Pits (O) Orcish Mines (V) Vaults (U) Depths
Where to? (* - list waypoints, Enter - Orc:1, ? - help)
What level of the Orcish Mines? (default 1, ? - help)
You fly downwards.
There is a stone staircase leading up here.
You see here a +0 troll leather armour.
There is a stone staircase leading up here.
Zot's power touches on you...
HP restored.
Are you sure you want to abandon this character and quit the game? (Confirm with "yes".)

#.... #...# .# ##.......
##.## ..#####........
##.## .............#
#...# ............#
##..## ............##
##...# .............#
#...###
.............####....##
.......<@...#.###.....##
......#.........##.....##
.....#......#...........#
.... ##.##...#...........
.#. #.##....###..#.....#
.. #.$.$....#.#........#
. ....##.#.......#.....#
..... ###.......[...<..
..## ###...#...[(....#


There were no monsters in sight!

Vanquished Creatures
  A bone dragon (Abyss:2)
  Jorgrun (D:15)
  Rupert (D:13)
  Frances (D:14)
  An orc warlord (Orc:2)
  Nessos (Lair:3)
  A minotaur (Gauntlet)
  Snorg (Lair:4)
  4 hydras
  Erolcha (Orc:1)
  A great orb of eyes (shapeshifter) (D:13)
  A spriggan zombie (D:15)
  8 vault guards (D:14)
  A catoblepas (D:13)
  A spriggan skeleton (D:15)
  6 two-headed ogres
  4 centaur warriors
  6 boulder beetles
  A death knight (D:13)
  3 death yaks (Lair:3)
  A death scarab (Gauntlet)
  6 hell hogs (Abyss:2)
  Urug (D:12)
  A thrashing horror (Abyss:2)
  A vampire mage (D:15)
  A wretched star (Gauntlet)
  A shadow wraith (Abyss:2)
  Amaemon (Lair:1)
  A spectral death yak (Gauntlet)
  6 skeletal warriors
  A golden dragon zombie (D:15)
  2 wizards (D:15)
  A lindwurm (Lair:5)
  2 orc knights
  A deep elf pyromancer (D:12)
  A frost giant zombie (D:15)
  A necromancer (D:15)
  2 wolf spiders (Lair:5)
  4 manticores
  4 cyclopes
  31 ugly things
  13 black mambas
  A guardian serpent (Lair:5)
  13 elephants
  A molten gargoyle (D:13)
  An orange demon (Lair:1)
  A gargoyle (D:13)
  A torpor snail (Gauntlet)
  Maurice (D:12)
  A smoke demon (Abyss:2)
  15 cane toads
  A rime drake (Lair:2)
  2 freezing wraiths (D:15)
  An efreet (Abyss:2)
  9 komodo dragons
  2 polar bears
  8 trolls
  2 hornets (Lair:5)
  7 blink frogs (Lair:1)
  15 slime creatures
  A snapping turtle (Lair:3)
  2 vampires
  3 ynoxinuls (Abyss:2)
  11 wyverns
  Sigmund (D:4)
  2 shadows
  37 yaks
  5 flying skulls (Abyss:2)
  A wraith (D:11)
  5 basilisks
  2 chaos spawn (Abyss:2)
  A redback (Lair:5)
  3 steam dragons
  A neqoxec (Gauntlet)
  15 vampire mosquitoes
  6 wargs
  44 water moccasins
  Duvessa (D:4)
  A large abomination (Abyss:2)
  2 ice beasts
  22 orc warriors
  A sky beast (D:5)
  3 black bears
  4 wolves (Lair:2)
  3 centaurs
  5 ogres
  2 kobold brigands
  8 small abominations
  A necrophage (D:5)
  9 bullfrogs
  3 scorpions
  2 gnoll sergeants
  5 wights (D:8)
  Dowan (D:4)
  7 howler monkeys
  5 electric eels
  2 hounds
  2 lava snakes (D:13)
  12 orc priests
  A quasit (Abyss:2)
  6 jellies
  2 gnoll boudas
  2 iguanas
  Natasha (twice) (D:3)
  15 orc wizards
  5 hell rats (Lair:2)
  Robin (D:4)
  12 adders
  15 gnolls
  9 river rats (Lair:2)
  A shadow imp (D:5)
  4 ufetubi
  2 worms
  3 dart slugs
  78 orcs
  2 bat zombies (D:3)
  13 endoplasms
  14 giant cockroaches
  10 hobgoblins
  31 kobolds
  21 quokkas
  13 ball pythons
  8 bats
  8 frilled lizards
  12 goblins
  20 rats
  2 rat zombies (D:3)
  A fire vortex (D:13)
764 creatures vanquished.

Vanquished Creatures (others)
  2 manticores
  26 fungi
  88 plants
  12 withered plants
128 creatures vanquished.

Grand Total: 892 creatures vanquished

Notes
Turn   | Place    | Note
-------+----------+-------------------------------------------
     0 | D:1      | qw the Gargoyle Fighter began the quest for the Orb.
     0 | D:1      | Reached XP level 1. HP: 14/14 MP: 1/1
     0 | D:1      | 0 ||| qw: Version: 0.2-a-17-g79969f3
     0 | D:1      | 0 ||| qw: Game counter: 1979
     0 | D:1      | 0 ||| qw: Always use a shield: true
     0 | D:1      | 0 ||| qw: God list: Okawaru
     0 | D:1      | 0 ||| qw: Allow faded altars: false
     0 | D:1      | 0 ||| qw: Do Orc after D:15 true
     0 | D:1      | 0 ||| qw: Do second Lair branch before Depths: true
     0 | D:1      | 0 ||| qw: Lair rune preference: random
     0 | D:1      | 0 ||| qw: Plans: Normal, Zot:1-4, God:TSO, Crypt, Tomb,
                  | Pan, Slime:5, Hells, Abyss, Orb
     0 | D:1      | 0 ||| PLANNING D:1-11
    45 | D:1      | Reached skill level 2 in Axes
   130 | D:1      | Reached XP level 2. HP: 19/19 MP: 2/2
   576 | D:1      | 576 ||| UPGRADING to +0 chain mail.
   586 | D:1      | 586 ||| DROPPING +0 scale mail.
   587 | D:1      | 587 ||| UPGRADING to +0 pair of gloves.
   592 | D:1      | 592 ||| UPGRADING to +6 ring of strength.
   593 | D:1      | 593 ||| DRINKING 2 red potions.
   594 | D:1      | 594 ||| DRINKING 2 amethyst potions.
   595 | D:1      | 595 ||| DROPPING potion of invisibility.
   620 | D:2      | 620 ||| Stepping ~*~*~tactically~*~*~ (stealth).
   622 | D:2      | 622 ||| Stepping ~*~*~tactically~*~*~ (stealth).
   627 | D:2      | Reached skill level 3 in Axes
   654 | D:2      | 654 ||| Stepping ~*~*~tactically~*~*~ (stealth).
   657 | D:2      | 657 ||| Stepping ~*~*~tactically~*~*~ (stealth).
   661 | D:2      | Reached XP level 3. HP: 23/23 MP: 3/3
   815 | D:2      | 815 ||| DROPPING +0 club.
  1401 | D:2      | 1401 ||| Stepping ~*~*~tactically~*~*~ (hiding).
  1569 | D:2      | Reached XP level 4. HP: 28/28 MP: 4/4
  1686 | D:2      | 1686 ||| UPGRADING to amulet of reflection.
  1691 | D:2      | 1691 ||| READING scroll labelled LEGO TIRUETACU.
  1692 | D:2      | 1692 ||| READING scroll labelled KUFUEPNUAH.
  1692 | D:2      | Identified a scroll of acquirement
  1692 | D:2      | 1692 ||| ACQUIRING +2 pair of gloves of Eternal Night {rC+
                  | Int+2}
  1692 | D:2      | Acquired the +2 pair of gloves of Eternal Night {rC+ Int+2}
  1694 | D:2      | 1694 ||| UPGRADING to +2 pair of gloves of Eternal Night
                  | {rC+ Int+2}.
  1704 | D:2      | 1704 ||| DROPPING +0 pair of gloves.
  1705 | D:2      | 1705 ||| READING scroll labelled CAFFIL UTYSUHA.
  1706 | D:2      | 1706 ||| READING scroll labelled ITTARE COJA.
  1707 | D:2      | 1707 ||| READING 3 scrolls labelled POWNAUMINE.
  1712 | D:2      | 1712 ||| DRINKING 2 glowing yellow potions.
  1817 | D:2      | 1817 ||| DROPPING potion of berserk rage.
  1876 | D:3      | Found an ancient bone altar of Kikubaaqudgha.
  1909 | D:3      | 1909 ||| Stepping ~*~*~tactically~*~*~ (stealth).
  1912 | D:3      | Reached skill level 4 in Axes
  1944 | D:3      | Noticed Natasha
  1954 | D:3      | Killed Natasha
  2204 | D:3      | Noticed Natasha
  2205 | D:3      | 2205 ||| Stepping ~*~*~tactically~*~*~ (stealth).
  2316 | D:3      | 2316 ||| Stepping ~*~*~tactically~*~*~ (stealth).
  2317 | D:3      | 2317 ||| Stepping ~*~*~tactically~*~*~ (stealth).
  2323 | D:3      | Killed Natasha
  2324 | D:3      | Reached XP level 5. HP: 18/32 MP: 5/5
  2494 | D:3      | Found a faded altar of an unknown god.
  2562 | D:3      | 2562 ||| READING scroll labelled QENIUF GEMYCOU.
  2587 | D:4      | 2587 ||| Stepping randomly (stuck).
  2595 | D:4      | Reached skill level 5 in Axes
  2605 | D:4      | 2605 ||| READING 2 scrolls of identify.
  2605 | D:4      | 2605 ||| IDENTIFYING white potion
  2606 | D:4      | 2606 ||| DROPPING potion of magic.
  2607 | D:4      | 2607 ||| Stepping randomly (stuck).
  2608 | D:4      | 2608 ||| Stepping randomly (stuck).
  2609 | D:4      | 2609 ||| Stepping randomly (stuck).
  2611 | D:4      | Noticed a black bear
  2624 | D:4      | Killed a black bear
  2625 | D:4      | Reached XP level 6. HP: 35/40 MP: 6/6
  2642 | D:4      | 2642 ||| Stepping randomly (stuck).
  2643 | D:4      | 2643 ||| Stepping randomly (stuck).
  2645 | D:4      | 2645 ||| Stepping randomly (stuck).
  2646 | D:4      | 2646 ||| Stepping randomly (stuck).
  2647 | D:4      | 2647 ||| Stepping randomly (stuck).
  2648 | D:4      | 2648 ||| Stepping randomly (stuck).
  2649 | D:4      | 2649 ||| Stepping randomly (stuck).
  2650 | D:4      | 2650 ||| Stepping randomly (stuck).
  2651 | D:4      | 2651 ||| Stepping randomly (stuck).
  2652 | D:4      | 2652 ||| Stepping randomly (stuck).
  2653 | D:4      | 2653 ||| Stepping randomly (stuck).
  2654 | D:4      | 2654 ||| Stepping randomly (stuck).
  2655 | D:4      | 2655 ||| Stepping randomly (stuck).
  2657 | D:4      | 2657 ||| Stepping randomly (stuck).
  2658 | D:4      | 2658 ||| Stepping randomly (stuck).
  2784 | D:4      | Noticed Duvessa
  2787 | D:4      | Noticed Dowan
  2787 | D:4      | Noticed a black bear
  2788 | D:4      | 2788 ||| Stepping ~*~*~tactically~*~*~ (hiding).
  2794 | D:4      | 2794 ||| Stepping ~*~*~tactically~*~*~ (hiding).
  2810 | D:4      | Killed Duvessa
  2812 | D:4      | 2812 ||| Stepping ~*~*~tactically~*~*~ (hiding).
  2817 | D:4      | Killed Dowan
  2818 | D:4      | Reached skill level 6 in Axes
  2818 | D:4      | Reached XP level 7. HP: 20/44 MP: 7/7
  2820 | D:4      | Reached skill level 1 in Dodging
  3026 | D:4      | 3026 ||| READING scroll labelled QAURIK ENEHEO.
  3130 | D:4      | 3130 ||| DROPPING +0 mace.
  3223 | D:4      | Reached skill level 7 in Axes
  3302 | D:4      | Identified the ring of the Dolphin {Fire rPois}
  3308 | D:4      | Noticed Robin
  3310 | D:4      | 3310 ||| Stepping ~*~*~tactically~*~*~ (hiding).
  3319 | D:4      | Killed Robin
  3339 | D:4      | 3339 ||| UPGRADING to +0 helmet.
  3364 | D:4      | 3364 ||| Stepping randomly (stuck).
  3365 | D:4      | 3365 ||| Stepping randomly (stuck).
  3371 | D:4      | 3371 ||| Stepping ~*~*~tactically~*~*~ (hiding).
  3372 | D:4      | 3372 ||| FLEEEEING.
  3373 | D:4      | 3373 ||| FLEEEEING.
  3374 | D:4      | 3374 ||| FLEEEEING.
  3375 | D:4      | 3375 ||| FLEEEEING.
  3376 | D:4      | 3376 ||| FLEEEEING.
  3377 | D:4      | 3377 ||| FLEEEEING.
  3378 | D:4      | 3378 ||| FLEEEEING.
  3380 | D:4      | 3380 ||| FLEEEEING.
  3381 | D:4      | 3381 ||| FLEEEEING.
  3382 | D:4      | 3382 ||| FLEEEEING.
  3383 | D:4      | 3383 ||| FLEEEEING.
  3384 | D:4      | 3384 ||| FLEEEEING.
  3385 | D:4      | 3385 ||| FLEEEEING.
  3386 | D:4      | 3386 ||| FLEEEEING.
  3388 | D:4      | 3388 ||| FLEEEEING.
  3389 | D:4      | 3389 ||| FLEEEEING.
  3390 | D:4      | 3390 ||| FLEEEEING.
  3391 | D:4      | 3391 ||| FLEEEEING.
  3392 | D:4      | 3392 ||| FLEEEEING.
  3393 | D:4      | 3393 ||| FLEEEEING.
  3394 | D:4      | 3394 ||| FLEEEEING.
  3395 | D:4      | 3395 ||| FLEEEEING.
  3396 | D:4      | 3396 ||| FLEEEEING.
  3398 | D:4      | 3398 ||| FLEEEEING.
  3399 | D:4      | 3399 ||| FLEEEEING.
  3401 | D:4      | 3401 ||| FLEEEEING.
  3402 | D:4      | 3402 ||| FLEEEEING.
  3403 | D:4      | 3403 ||| FLEEEEING.
  3405 | D:4      | 3405 ||| FLEEEEING.
  3406 | D:4      | 3406 ||| FLEEEEING.
  3407 | D:4      | 3407 ||| FLEEEEING.
  3408 | D:4      | 3408 ||| FLEEEEING.
  3409 | D:4      | 3409 ||| FLEEEEING.
  3410 | D:4      | 3410 ||| FLEEEEING.
  3411 | D:4      | 3411 ||| FLEEEEING.
  3412 | D:4      | 3412 ||| FLEEEEING.
  3421 | D:4      | 3421 ||| STAIRDANCE
  3426 | D:3      | Noticed Natasha
  3427 | D:3      | 3427 ||| FLEEEEING.
  3568 | D:4      | 3568 ||| READING scroll labelled HARCHU KOLEL.
  3687 | D:4      | 3687 ||| Stepping randomly (stuck).
  3700 | D:4      | 3700 ||| Stepping randomly (stuck).
  3701 | D:4      | 3701 ||| Stepping randomly (stuck).
  3702 | D:4      | 3702 ||| Stepping randomly (stuck).
  3717 | D:4      | Noticed Sigmund
  3718 | D:4      | 3718 ||| Stepping ~*~*~tactically~*~*~ (hiding).
  3726 | D:4      | Reached XP level 8. HP: 49/49 MP: 8/8
  3734 | D:4      | Reached skill level 1 in Throwing
  3742 | D:4      | 3742 ||| FLEEEEING.
  3746 | D:4      | 3746 ||| FLEEEEING.
  3747 | D:4      | 3747 ||| FLEEEEING.
  3751 | D:4      | 3751 ||| FLEEEEING.
  3752 | D:4      | 3752 ||| FLEEEEING.
  3753 | D:4      | 3753 ||| FLEEEEING.
  3754 | D:4      | 3754 ||| FLEEEEING.
  3755 | D:4      | 3755 ||| FLEEEEING.
  3756 | D:4      | 3756 ||| FLEEEEING.
  3757 | D:4      | 3757 ||| FLEEEEING.
  3758 | D:4      | 3758 ||| FLEEEEING.
  3759 | D:4      | 3759 ||| FLEEEEING.
  3760 | D:4      | 3760 ||| FLEEEEING.
  3765 | D:4      | 3765 ||| FLEEEEING.
  3766 | D:4      | 3766 ||| FLEEEEING.
  3767 | D:4      | 3767 ||| FLEEEEING.
  3772 | D:4      | 3772 ||| FLEEEEING.
  3773 | D:4      | 3773 ||| FLEEEEING.
  3774 | D:4      | 3774 ||| FLEEEEING.
  3780 | D:4      | 3780 ||| FLEEEEING.
  3861 | D:4      | 3861 ||| DRINKING 2 potions of curing.
  3861 | D:4      | 3861 ||| (to cure confusion)
  3874 | D:4      | Killed Sigmund
  3879 | D:4      | 3879 ||| FLEEEEING.
  3880 | D:4      | 3880 ||| FLEEEEING.
  3881 | D:4      | 3881 ||| FLEEEEING.
  3884 | D:4      | 3884 ||| FLEEEEING.
  3885 | D:4      | 3885 ||| FLEEEEING.
  3890 | D:4      | 3890 ||| FLEEEEING.
  3891 | D:4      | 3891 ||| FLEEEEING.
  3892 | D:4      | 3892 ||| FLEEEEING.
  3893 | D:4      | 3893 ||| FLEEEEING.
  3894 | D:4      | 3894 ||| FLEEEEING.
  3898 | D:4      | 3898 ||| FLEEEEING.
  3899 | D:4      | 3899 ||| FLEEEEING.
  3900 | D:4      | 3900 ||| FLEEEEING.
  3901 | D:4      | 3901 ||| FLEEEEING.
  3905 | D:4      | 3905 ||| FLEEEEING.
  3906 | D:4      | 3906 ||| FLEEEEING.
  3907 | D:4      | 3907 ||| FLEEEEING.
  3908 | D:4      | 3908 ||| FLEEEEING.
  3913 | D:4      | 3913 ||| FLEEEEING.
  3914 | D:4      | 3914 ||| FLEEEEING.
  3915 | D:4      | 3915 ||| FLEEEEING.
  3916 | D:4      | 3916 ||| FLEEEEING.
  3921 | D:4      | 3921 ||| FLEEEEING.
  3922 | D:4      | 3922 ||| FLEEEEING.
  3923 | D:4      | 3923 ||| FLEEEEING.
  3924 | D:4      | 3924 ||| FLEEEEING.
  3928 | D:4      | 3928 ||| FLEEEEING.
  3929 | D:4      | 3929 ||| FLEEEEING.
  3930 | D:4      | 3930 ||| FLEEEEING.
  3931 | D:4      | 3931 ||| FLEEEEING.
  3932 | D:4      | 3932 ||| FLEEEEING.
  3936 | D:4      | 3936 ||| FLEEEEING.
  3937 | D:4      | 3937 ||| FLEEEEING.
  3938 | D:4      | 3938 ||| FLEEEEING.
  3939 | D:4      | 3939 ||| FLEEEEING.
  3940 | D:4      | 3940 ||| FLEEEEING.
  3941 | D:4      | 3941 ||| FLEEEEING.
  3942 | D:4      | 3942 ||| FLEEEEING.
  3947 | D:4      | 3947 ||| FLEEEEING.
  3948 | D:4      | 3948 ||| FLEEEEING.
  3949 | D:4      | 3949 ||| FLEEEEING.
  3950 | D:4      | 3950 ||| FLEEEEING.
  3953 | D:4      | 3953 ||| FLEEEEING.
  3954 | D:4      | 3954 ||| FLEEEEING.
  3955 | D:4      | 3955 ||| FLEEEEING.
  3956 | D:4      | 3956 ||| FLEEEEING.
  3958 | D:4      | 3958 ||| FLEEEEING.
  3959 | D:4      | 3959 ||| FLEEEEING.
  3960 | D:4      | 3960 ||| FLEEEEING.
  3962 | D:4      | 3962 ||| FLEEEEING.
  3963 | D:4      | 3963 ||| FLEEEEING.
  3976 | D:4      | Reached skill level 8 in Axes
  4167 | D:4      | 4167 ||| UPGRADING to +3 chain mail.
  4177 | D:4      | 4177 ||| DROPPING +0 chain mail.
  4191 | D:5      | Entered Level 5 of the Dungeon
  4210 | D:5      | Found Fyiddiwu's Antique Armour Boutique.
  4216 | D:5      | 4216 ||| SHOPLISTING glowing plate armour (494 gold, have
                  | 219).
  4216 | D:5      | 4216 ||| BUYING pair of embroidered gloves (142 gold).
  4216 | D:5      | Bought a pair of embroidered gloves for 142 gold pieces
  4216 | D:5      | 4216 ||| SHOPLISTING pair of glowing boots (142 gold, have
                  | 77).
  4234 | D:5      | Found a shimmering altar of Xom.
  4308 | D:5      | 4308 ||| Stepping ~*~*~tactically~*~*~ (stealth).
  4309 | D:5      | 4309 ||| Stepping ~*~*~tactically~*~*~ (stealth).
  4314 | D:5      | 4314 ||| Stepping ~*~*~tactically~*~*~ (stealth).
  4326 | D:5      | Found a burning altar of Makhleb.
  4390 | D:5      | 4390 ||| Stepping ~*~*~tactically~*~*~ (stealth).
  4548 | D:5      | 4548 ||| Stepping ~*~*~tactically~*~*~ (stealth).
  4561 | D:5      | Reached skill level 6 in Fighting
  4596 | D:5      | Found a glowing silver altar of Zin.
  4597 | D:5      | Found an opulent altar of Gozag.
  4940 | D:5      | 4940 ||| DROPPING +1 pair of gloves.
  4941 | D:5      | 4941 ||| DROPPING amulet of faith.
  4942 | D:5      | 4942 ||| UPGRADING to ring of protection from fire.
  4943 | D:5      | 4943 ||| READING scroll labelled EBUGOAMEMO.
  5013 | D:6      | 5013 ||| PLANNING SEWER
  5025 | D:6      | Found a runed translucent gate.
  5025 | D:6      | Found a runed translucent gate.
  5026 | D:6      | Found a runed translucent gate.
  5027 | D:6      | Noticed qw's ghost (novice GrFi)
  5028 | D:6      | Noticed a kobold demonologist
  5088 | D:6      | 5088 ||| Stepping ~*~*~tactically~*~*~ (hiding).
  5089 | D:6      | 5089 ||| Stepping ~*~*~tactically~*~*~ (hiding).
  5090 | D:6      | 5090 ||| Stepping ~*~*~tactically~*~*~ (hiding).
  5091 | D:6      | 5091 ||| Stepping ~*~*~tactically~*~*~ (hiding).
  5092 | D:6      | 5092 ||| Stepping ~*~*~tactically~*~*~ (hiding).
  5093 | D:6      | 5093 ||| Stepping ~*~*~tactically~*~*~ (hiding).
  5108 | D:6      | Found a bloodstained altar of Trog.
  5120 | D:6      | 5120 ||| Stepping ~*~*~tactically~*~*~ (hiding).
  5128 | D:6      | Reached XP level 9. HP: 55/55 MP: 9/9
  5130 | D:6      | Reached skill level 9 in Axes
  5133 | D:6      | Noticed a troll
  5148 | D:6      | Killed a troll
  5175 | D:6      | Found a large runed translucent door.
  5176 | D:6      | Found a large runed translucent door.
  5207 | D:6      | Found a shadowy altar of Dithmenos.
  5215 | D:6      | Found a snail-covered altar of Cheibriados.
  5321 | D:6      | Found Zaitel's Vocational Training.
  5371 | D:6      | Found a staircase to the Ecumenical Temple.
  5372 | D:6      | 5372 ||| Stepping ~*~*~tactically~*~*~ (hiding).
  5462 | D:6      | Found a glowing drain.
  5473 | D:6      | 5473 ||| Stepping ~*~*~tactically~*~*~ (stealth).
  5474 | D:6      | 5474 ||| UPGRADING to +0 plate armour.
  5485 | D:6      | 5485 ||| DROPPING +3 chain mail.
  5486 | D:6      | 5486 ||| UPGRADING to ring of see invisible.
  5488 | D:6      | 5488 ||| UPGRADING to +6 ring of strength.
  5490 | D:6      | 5490 ||| READING 2 scrolls labelled FEZEJOE XUGHE.
  5491 | D:6      | 5491 ||| DRINKING 2 purple potions.
  5492 | D:6      | 5492 ||| DROPPING scroll of noise.
  5500 | Sewer    | Entered a sewer
  5531 | Sewer    | 5531 ||| Stepping ~*~*~tactically~*~*~ (water).
  5537 | Sewer    | 5537 ||| Stepping ~*~*~tactically~*~*~ (stealth).
  5628 | Sewer    | 5628 ||| Stepping ~*~*~tactically~*~*~ (water).
  5693 | Sewer    | 5693 ||| Stepping ~*~*~tactically~*~*~ (water).
  5733 | Sewer    | 5733 ||| Stepping ~*~*~tactically~*~*~ (water).
  5745 | Sewer    | 5745 ||| Stepping ~*~*~tactically~*~*~ (stealth).
  5799 | D:6      | 5799 ||| PLANNING D:1-11
  5872 | D:7      | 5872 ||| Stepping ~*~*~tactically~*~*~ (stealth).
  5958 | D:7      | Found a broken altar of Ashenzari.
  5974 | D:7      | 5974 ||| Stepping ~*~*~tactically~*~*~ (hiding).
  6128 | D:7      | 6128 ||| Stepping ~*~*~tactically~*~*~ (hiding).
  6241 | D:7      | 6241 ||| Stepping ~*~*~tactically~*~*~ (stealth).
  6477 | D:7      | 6477 ||| Stepping ~*~*~tactically~*~*~ (hiding).
  6492 | D:7      | Reached skill level 6 in Armour
  6492 | D:7      | 6492 ||| FLEEEEING.
  6496 | D:7      | 6496 ||| FLEEEEING.
  6508 | D:7      | 6508 ||| FLEEEEING.
  6509 | D:7      | 6509 ||| FLEEEEING.
  6510 | D:7      | 6510 ||| FLEEEEING.
  6511 | D:7      | 6511 ||| FLEEEEING.
  6512 | D:7      | 6512 ||| FLEEEEING.
  6513 | D:7      | 6513 ||| FLEEEEING.
  6514 | D:7      | 6514 ||| FLEEEEING.
  6515 | D:7      | 6515 ||| FLEEEEING.
  6516 | D:7      | 6516 ||| FLEEEEING.
  6520 | D:7      | 6520 ||| FLEEEEING.
  6521 | D:7      | 6521 ||| FLEEEEING.
  6526 | D:7      | 6526 ||| STAIRDANCE
  6569 | D:6      | 6569 ||| READING 2 scrolls of identify.
  6569 | D:6      | 6569 ||| IDENTIFYING silvery potion
  6615 | D:7      | 6615 ||| DROPPING +0 flail.
  6643 | D:7      | Found a sacrificial altar of Ru.
  6660 | D:7      | Found the +9 staff of Olgreb {rPois∞}
  6667 | D:7      | Found a runed translucent gate.
  6667 | D:7      | Found a runed translucent gate.
  6668 | D:7      | Found a runed translucent door.
  6687 | D:7      | 6687 ||| FLEEEEING.
  6693 | D:7      | 6693 ||| FLEEEEING.
  6694 | D:7      | 6694 ||| FLEEEEING.
  6695 | D:7      | 6695 ||| Stepping ~*~*~tactically~*~*~ (hiding).
  6894 | D:7      | Found a runed translucent door.
  6896 | D:7      | Found a runed translucent gate.
  7064 | D:7      | 7064 ||| DROPPING orb of mayhem.
  7065 | D:7      | 7065 ||| READING scroll labelled DIRAME KAERACS.
  7066 | D:7      | 7066 ||| READING 2 scrolls of identify.
  7066 | D:7      | 7066 ||| IDENTIFYING golden potion
  7067 | D:7      | 7067 ||| DROPPING potion of flight.
  7485 | D:8      | Reached skill level 10 in Axes
  7538 | D:8      | 7538 ||| Stepping ~*~*~tactically~*~*~ (stealth).
  7539 | D:8      | 7539 ||| Stepping ~*~*~tactically~*~*~ (stealth).
  7546 | D:8      | 7546 ||| FLEEEEING.
  7547 | D:8      | 7547 ||| FLEEEEING.
  7550 | D:8      | 7550 ||| FLEEEEING.
  7551 | D:8      | 7551 ||| FLEEEEING.
  7552 | D:8      | 7552 ||| FLEEEEING.
  7557 | D:8      | 7557 ||| FLEEEEING.
  7558 | D:8      | 7558 ||| FLEEEEING.
  7612 | D:8      | Reached XP level 10. HP: 59/63 MP: 10/10
  7969 | D:8      | 7969 ||| Stepping ~*~*~tactically~*~*~ (stealth).
  7970 | D:8      | 7970 ||| Stepping ~*~*~tactically~*~*~ (stealth).
  7974 | D:8      | 7974 ||| Stepping ~*~*~tactically~*~*~ (stealth).
  7975 | D:8      | 7975 ||| Stepping ~*~*~tactically~*~*~ (stealth).
  7978 | D:8      | 7978 ||| Stepping ~*~*~tactically~*~*~ (stealth).
  8066 | D:8      | 8066 ||| Stepping ~*~*~tactically~*~*~ (stealth).
  8070 | D:8      | 8070 ||| Stepping ~*~*~tactically~*~*~ (stealth).
  8081 | D:8      | 8081 ||| Stepping ~*~*~tactically~*~*~ (stealth).
  8246 | D:8      | 8246 ||| UPGRADING to +1 cloak.
  8251 | D:8      | 8251 ||| DROPPING ring of fire.
  8252 | D:8      | 8252 ||| DROPPING +6 ring of intelligence.
  8253 | D:8      | 8253 ||| READING scroll labelled NULYIDA JAHI.
  8254 | D:8      | 8254 ||| READING scroll labelled KAVEST MIJUYXI.
  8255 | D:8      | 8255 ||| READING 3 scrolls of identify.
  8255 | D:8      | 8255 ||| IDENTIFYING bubbling white potion
  8256 | D:8      | 8256 ||| READING 2 scrolls of identify.
  8256 | D:8      | 8256 ||| IDENTIFYING bubbling orange potion
  8257 | D:8      | 8257 ||| DROPPING potion of brilliance.
  8275 | D:9      | Noticed a two-headed ogre
  8285 | D:9      | Killed a two-headed ogre
  8286 | D:9      | 8286 ||| STAIRDANCE
  8371 | D:9      | Noticed a two-headed ogre
  8382 | D:9      | Killed a two-headed ogre
  8544 | D:9      | Found a staircase to the Lair.
  8552 | D:9      | HP: 7/64 [orc priest/divine providence (14)]
  8553 | D:9      | 8553 ||| READING 4 scrolls of teleportation.
  8556 | D:9      | Reached skill level 11 in Axes
  8557 | D:9      | 8557 ||| READING 3 scrolls of teleportation.
  8557 | D:9      | HP: 5/64 [centaur/arrow (4)]
  8563 | D:9      | 8563 ||| READING 2 scrolls of teleportation.
  9102 | D:9      | Found a hazy altar of Hepliaklqana.
  9104 | D:9      | Found an iron altar of Okawaru.
  9176 | D:9      | 9176 ||| PLANNING OKAWARU WORSHIP
  9176 | D:9      | 9176 ||| Stepping ~*~*~tactically~*~*~ (hiding).
  9228 | D:9      | 9228 ||| DROPPING scarf of harm.
  9229 | D:9      | 9229 ||| READING 3 scrolls of identify.
  9229 | D:9      | 9229 ||| IDENTIFYING viscous purple potion
  9230 | D:9      | 9230 ||| READING 2 scrolls of identify.
  9230 | D:9      | 9230 ||| IDENTIFYING fuming purple potion
  9231 | D:9      | 9231 ||| DROPPING potion of ambrosia.
  9239 | D:9      | Became a worshipper of Warmaster Okawaru
  9240 | D:9      | 9240 ||| PLANNING D:1-11
  9536 | D:9      | 9536 ||| PLANNING LAIR
  9573 | Lair:1   | Entered Level 1 of the Lair of Beasts
  9573 | Lair:1   | Noticed a cane toad
  9587 | Lair:1   | Killed a cane toad
  9588 | Lair:1   | Reached skill level 9 in Fighting
  9588 | Lair:1   | Reached XP level 11. HP: 62/71 MP: 11/11
  9680 | Lair:1   | 9680 ||| Stepping ~*~*~tactically~*~*~ (stealth).
  9760 | Lair:1   | 9760 ||| Stepping ~*~*~tactically~*~*~ (stealth).
  9761 | Lair:1   | 9761 ||| Stepping ~*~*~tactically~*~*~ (stealth).
  9771 | Lair:1   | Reached * piety under Okawaru
  9793 | Lair:1   | 9793 ||| INVOKING Heroism.
  9795 | Lair:1   | 9795 ||| Stepping ~*~*~tactically~*~*~ (stealth).
  9796 | Lair:1   | 9796 ||| Stepping ~*~*~tactically~*~*~ (stealth).
  9822 | Lair:1   | 9822 ||| INVOKING Heroism.
  9828 | Lair:1   | Reached skill level 1 in Invocations
  9850 | Lair:1   | 9850 ||| INVOKING Heroism.
  9867 | Lair:1   | 9867 ||| INVOKING Heroism.
  9898 | Lair:1   | 9898 ||| INVOKING Heroism.
  9905 | Lair:1   | Reached skill level 3 in Invocations
  9907 | Lair:1   | Noticed Amaemon
  9912 | Lair:1   | Reached ** piety under Okawaru
  9924 | Lair:1   | 9924 ||| INVOKING Heroism.
  9927 | Lair:1   | Killed Amaemon
  9942 | Lair:1   | 9942 ||| DROPPING +2 flail of protection.
  9999 | Lair:1   | 9999 ||| INVOKING Heroism.
 10006 | Lair:1   | Reached skill level 12 in Axes
 10072 | Lair:1   | 10072 ||| INVOKING Heroism.
 10150 | Lair:1   | 10150 ||| Stepping ~*~*~tactically~*~*~ (stealth).
 10155 | Lair:1   | 10155 ||| INVOKING Heroism.
 10161 | Lair:1   | Reached skill level 6 in Shields
 10174 | Lair:1   | Reached *** piety under Okawaru
 10508 | Lair:1   | 10508 ||| DROPPING ring of wizardry.
 10509 | Lair:1   | 10509 ||| READING scroll labelled ISIUWKUZXAH.
 10510 | Lair:1   | 10510 ||| READING 3 scrolls of identify.
 10510 | Lair:1   | 10510 ||| IDENTIFYING fuming silvery potion
 10511 | Lair:1   | 10511 ||| READING 2 scrolls of identify.
 10511 | Lair:1   | 10511 ||| IDENTIFYING metallic black potion
 10512 | Lair:1   | 10512 ||| DROPPING potion of degeneration.
 10538 | Lair:2   | 10538 ||| Stepping ~*~*~tactically~*~*~ (stealth).
 10540 | Lair:2   | 10540 ||| Stepping ~*~*~tactically~*~*~ (stealth).
 10542 | Lair:2   | 10542 ||| INVOKING Heroism.
 10547 | Lair:2   | Reached skill level 9 in Armour
 10564 | Lair:2   | 10564 ||| INVOKING Heroism.
 10714 | Lair:2   | 10714 ||| Stepping ~*~*~tactically~*~*~ (hiding).
 10721 | Lair:2   | 10721 ||| Stepping ~*~*~tactically~*~*~ (stealth).
 10760 | Lair:2   | 10760 ||| INVOKING Heroism.
 10773 | Lair:2   | Reached XP level 12. HP: 72/77 MP: 13/15
 10775 | Lair:2   | Reached **** piety under Okawaru
 10803 | Lair:2   | 10803 ||| Stepping ~*~*~tactically~*~*~ (stealth).
 10805 | Lair:2   | 10805 ||| Stepping ~*~*~tactically~*~*~ (stealth).
 10807 | Lair:2   | 10807 ||| Stepping ~*~*~tactically~*~*~ (stealth).
 11079 | Lair:2   | 11079 ||| Stepping ~*~*~tactically~*~*~ (stealth).
 11080 | Lair:2   | 11080 ||| Stepping ~*~*~tactically~*~*~ (stealth).
 11081 | Lair:2   | 11081 ||| INVOKING Heroism.
 11086 | Lair:2   | Reached skill level 13 in Axes
 11103 | Lair:2   | 11103 ||| INVOKING Heroism.
 11122 | Lair:2   | 11122 ||| INVOKING Heroism.
 11159 | Lair:2   | 11159 ||| Stepping ~*~*~tactically~*~*~ (stealth).
 11160 | Lair:2   | 11160 ||| Stepping ~*~*~tactically~*~*~ (stealth).
 11165 | Lair:2   | 11165 ||| INVOKING Heroism.
 11175 | Lair:2   | 11175 ||| Stepping ~*~*~tactically~*~*~ (stealth).
 11176 | Lair:2   | 11176 ||| Stepping ~*~*~tactically~*~*~ (stealth).
 11579 | Lair:2   | 11579 ||| DRINKING 2 blue potions.
 11614 | Lair:3   | Reached skill level 6 in Invocations
 11632 | Lair:3   | 11632 ||| Stepping ~*~*~tactically~*~*~ (stealth).
 11637 | Lair:3   | 11637 ||| INVOKING Heroism.
 11646 | Lair:3   | Reached ***** piety under Okawaru
 11673 | Lair:3   | 11673 ||| Stepping ~*~*~tactically~*~*~ (stealth).
 11700 | Lair:3   | Found a staircase to the Snake Pit.
 11804 | Lair:3   | 11804 ||| FLEEEEING.
 11806 | Lair:3   | 11806 ||| INVOKING Heroism.
 11821 | Lair:3   | 11821 ||| Stepping ~*~*~tactically~*~*~ (hiding).
 11827 | Lair:3   | 11827 ||| INVOKING Heroism.
 11845 | Lair:3   | Noticed Nessos
 11846 | Lair:3   | 11846 ||| INVOKING Finesse.
 11850 | Lair:3   | 11850 ||| Stepping ~*~*~tactically~*~*~ (hiding).
 11858 | Lair:3   | 11858 ||| Stepping ~*~*~tactically~*~*~ (hiding).
 11863 | Lair:3   | Killed Nessos
 12120 | Lair:3   | 12120 ||| INVOKING Heroism.
 12545 | Lair:3   | Found a staircase to the Shoals.
 12629 | Lair:3   | Reached XP level 13. HP: 82/82 MP: 19/19
 12878 | Lair:3   | Found a runed translucent gate.
 12879 | Lair:3   | Found a runed translucent gate.
 12879 | Lair:3   | Found a runed translucent gate.
 12881 | Lair:3   | Noticed qw's ghost (journeyman GrFi)
 12881 | Lair:3   | Noticed qw's ghost (journeyman GrFi)
 12882 | Lair:3   | Noticed qw's ghost (journeyman GrFi)
 12891 | Lair:3   | 12891 ||| UPGRADING to +0 pair of boots.
 12896 | Lair:3   | 12896 ||| READING scroll labelled ROARUSUAFI.
 12960 | Lair:4   | 12960 ||| INVOKING Heroism.
 12961 | Lair:4   | 12961 ||| STAIRDANCE
 13095 | Lair:4   | 13095 ||| STAIRDANCE
 13097 | Lair:3   | 13097 ||| INVOKING Heroism.
 13098 | Lair:3   | 13098 ||| INVOKING Finesse.
 13105 | Lair:3   | Reached skill level 9 in Invocations
 13266 | Lair:4   | 13266 ||| STAIRDANCE
 13396 | Lair:4   | 13396 ||| INVOKING Heroism.
 13397 | Lair:4   | 13397 ||| STAIRDANCE
 13399 | Lair:3   | 13399 ||| INVOKING Finesse.
 13603 | Lair:4   | 13603 ||| INVOKING Heroism.
 13604 | Lair:4   | 13604 ||| INVOKING Finesse.
 13610 | Lair:4   | 13610 ||| STAIRDANCE
 13801 | Lair:4   | 13801 ||| Stepping ~*~*~tactically~*~*~ (stealth).
 13802 | Lair:4   | 13802 ||| Stepping ~*~*~tactically~*~*~ (stealth).
 13803 | Lair:4   | 13803 ||| Stepping ~*~*~tactically~*~*~ (stealth).
 13842 | Lair:4   | 13842 ||| INVOKING Heroism.
 13861 | Lair:4   | 13861 ||| INVOKING Finesse.
 13899 | Lair:4   | Reached skill level 14 in Axes
 13989 | Lair:4   | 13989 ||| INVOKING Heroism.
 13991 | Lair:4   | 13991 ||| INVOKING Finesse.
 13999 | Lair:4   | Received a gift from Okawaru
 14091 | Lair:4   | 14091 ||| SWAPPING to +4 broad axe of venom.
 14092 | Lair:4   | 14092 ||| DROPPING +1 war axe of freezing.
 14099 | Lair:4   | Identified the +6 hand axe of the Pariah {pain, *Slow rF++
                  | Str+4}
 14104 | Lair:4   | 14104 ||| READING scroll of enchant armour.
 14104 | Lair:4   | 14104 ||| ENCHANTING +0 helmet.
 14134 | Lair:4   | 14134 ||| INVOKING Heroism.
 14135 | Lair:4   | 14135 ||| SWAPPING to +1 demon whip of venom.
 14136 | Lair:4   | 14136 ||| INVOKING Finesse.
 14147 | Lair:4   | 14147 ||| SWAPPING to +4 broad axe of venom.
 14204 | Lair:4   | 14204 ||| Stepping ~*~*~tactically~*~*~ (stealth).
 14206 | Lair:4   | Noticed Snorg
 14207 | Lair:4   | 14207 ||| INVOKING Heroism.
 14208 | Lair:4   | 14208 ||| INVOKING Finesse.
 14226 | Lair:4   | Killed Snorg
 14415 | Lair:4   | 14415 ||| INVOKING Heroism.
 14416 | Lair:4   | 14416 ||| INVOKING Finesse.
 14421 | Lair:4   | HP: 18/83 [oklob plant/splash of acid (29)]
 14422 | Lair:4   | 14422 ||| READING 6 scrolls of teleportation.
 14880 | Lair:5   | Entered Level 5 of the Lair of Beasts
 14885 | Lair:5   | 14885 ||| Stepping ~*~*~tactically~*~*~ (hiding).
 14885 | Lair:5   | Found a viscous altar of Jiyva.
 14888 | Lair:5   | 14888 ||| INVOKING Heroism.
 14968 | Lair:5   | 14968 ||| Stepping ~*~*~tactically~*~*~ (stealth).
 15012 | Lair:5   | 15012 ||| INVOKING Heroism.
 15013 | Lair:5   | 15013 ||| INVOKING Finesse.
 15016 | Lair:5   | 15016 ||| SWAPPING to +1 demon whip of venom.
 15027 | Lair:5   | 15027 ||| SWAPPING to +4 broad axe of venom.
 15081 | Lair:5   | Identified the +0 robe of Wunle {Rampage}
 15184 | Lair:5   | 15184 ||| INVOKING Heroism.
 15247 | Lair:5   | 15247 ||| INVOKING Heroism.
 15310 | Lair:5   | 15310 ||| Stepping ~*~*~tactically~*~*~ (stealth).
 15311 | Lair:5   | 15311 ||| Stepping ~*~*~tactically~*~*~ (stealth).
 15356 | Lair:5   | 15356 ||| INVOKING Heroism.
 15402 | Lair:5   | Identified the +6 scale mail of Shadows and Fog {Rampage
                  | Will+ Str+8 Int-2} (Okawaru gifted it to you on level 5 of
                  | the Lair of Beasts)
 15402 | Lair:5   | Received a gift from Okawaru
 15404 | Lair:5   | Gained mutation: Your large and strong wings let you fly.
                  | [Gargoyle growth]
 15404 | Lair:5   | Reached XP level 14. HP: 82/90 MP: 21/21
 15436 | Lair:5   | 15436 ||| INVOKING Heroism.
 15437 | Lair:5   | 15437 ||| INVOKING Finesse.
 15439 | Lair:5   | 15439 ||| SWAPPING to +1 demon whip of venom.
 15449 | Lair:5   | 15449 ||| SWAPPING to +4 broad axe of venom.
 15481 | Lair:5   | Reached skill level 15 in Axes
 15494 | Lair:5   | 15494 ||| Stepping ~*~*~tactically~*~*~ (stealth).
 15495 | Lair:5   | 15495 ||| Stepping ~*~*~tactically~*~*~ (stealth).
 15522 | Lair:5   | 15522 ||| Stepping ~*~*~tactically~*~*~ (stealth).
 15527 | Lair:5   | 15527 ||| Stepping ~*~*~tactically~*~*~ (stealth).
 15534 | Lair:5   | 15534 ||| INVOKING Heroism.
 15719 | Lair:5   | Found a staircase to the Slime Pits.
 16136 | Lair:5   | 16136 ||| INVOKING Heroism.
 16143 | Lair:5   | Reached skill level 12 in Fighting
 16149 | Lair:5   | Reached skill level 3 in Dodging
 16338 | Lair:5   | 16338 ||| PLANNING D:1-11
 16338 | Lair:5   | 16338 ||| UPGRADING to +6 scale mail of Shadows and Fog
                  | {Rampage Will+ Str+8 Int-2}.
 16348 | Lair:5   | 16348 ||| DROPPING +0 plate armour.
 16349 | Lair:5   | 16349 ||| DROPPING ring of positive energy.
 16350 | Lair:5   | 16350 ||| UPGRADING to +4 ring of evasion.
 16486 | D:10     | Entered Level 10 of the Dungeon
 16515 | D:10     | 16515 ||| READING scroll of enchant weapon.
 16515 | D:10     | 16515 ||| ENCHANTING +4 broad axe of venom.
 16599 | D:10     | 16599 ||| INVOKING Heroism.
 16629 | D:10     | 16629 ||| Stepping ~*~*~tactically~*~*~ (hiding).
 16636 | D:10     | 16636 ||| INVOKING Heroism.
 17043 | D:10     | 17043 ||| Stepping ~*~*~tactically~*~*~ (stealth).
 17048 | D:10     | 17048 ||| INVOKING Heroism.
 17164 | D:10     | 17164 ||| UPGRADING to +0 kite shield.
 17174 | D:10     | 17174 ||| DROPPING +0 buckler.
 17266 | D:11     | 17266 ||| READING scroll of acquirement.
 17266 | D:11     | 17266 ||| ACQUIRING amulet of Toxibuf {RegenMP rC+ rCorr
                  | Dex+2}
 17266 | D:11     | Acquired the amulet of Toxibuf {RegenMP rC+ rCorr Dex+2}
 17301 | D:11     | 17301 ||| INVOKING Heroism.
 17439 | D:11     | Found a staircase to the Orcish Mines.
 17443 | D:11     | 17443 ||| INVOKING Heroism.
 17460 | D:11     | You are sucked into a shaft and drop 1 floor!
 17515 | D:12     | 17515 ||| Stepping ~*~*~tactically~*~*~ (stealth).
 17516 | D:12     | 17516 ||| Stepping ~*~*~tactically~*~*~ (stealth).
 17527 | D:12     | 17527 ||| Stepping ~*~*~tactically~*~*~ (stealth).
 17528 | D:12     | 17528 ||| Stepping ~*~*~tactically~*~*~ (stealth).
 17547 | D:12     | 17547 ||| Stepping ~*~*~tactically~*~*~ (stealth).
 17550 | D:12     | 17550 ||| INVOKING Heroism.
 17551 | D:12     | 17551 ||| INVOKING Finesse.
 17607 | D:12     | 17607 ||| INVOKING Heroism.
 17612 | D:12     | 17612 ||| READING 5 scrolls of teleportation.
 17953 | D:11     | 17953 ||| INVOKING Heroism.
 18049 | D:11     | 18049 ||| PLANNING D
 18223 | D:12     | Noticed Urug
 18224 | D:12     | 18224 ||| INVOKING Heroism.
 18239 | D:12     | Killed Urug
 18240 | D:12     | Reached skill level 9 in Shields
 18282 | D:12     | 18282 ||| DROPPING +1 demon whip of venom.
 18363 | D:12     | Noticed Maurice
 18364 | D:12     | 18364 ||| Stepping ~*~*~tactically~*~*~ (hiding).
 18387 | D:12     | Killed Maurice
 18388 | D:12     | Reached skill level 3 in Throwing
 18408 | D:12     | 18408 ||| INVOKING Heroism.
 18694 | D:12     | 18694 ||| Stepping ~*~*~tactically~*~*~ (stealth).
 18696 | D:12     | 18696 ||| Stepping ~*~*~tactically~*~*~ (stealth).
 18699 | D:12     | 18699 ||| INVOKING Heroism.
 18701 | D:12     | 18701 ||| READING 4 scrolls of teleportation.
 18762 | D:12     | 18762 ||| Stepping ~*~*~tactically~*~*~ (stealth).
 18765 | D:12     | 18765 ||| Stepping ~*~*~tactically~*~*~ (stealth).
 18771 | D:12     | 18771 ||| FLEEEEING.
 18772 | D:12     | 18772 ||| FLEEEEING.
 18773 | D:12     | 18773 ||| FLEEEEING.
 18774 | D:12     | 18774 ||| FLEEEEING.
 18775 | D:12     | 18775 ||| FLEEEEING.
 18776 | D:12     | 18776 ||| FLEEEEING.
 18777 | D:12     | 18777 ||| FLEEEEING.
 18778 | D:12     | 18778 ||| STAIRDANCE
 18838 | D:11     | 18838 ||| UPGRADING to +2 cloak.
 18848 | D:11     | 18848 ||| DROPPING +1 cloak.
 18849 | D:11     | 18849 ||| DROPPING ring of willpower.
 18850 | D:11     | 18850 ||| DROPPING +6 ring of strength.
 18856 | D:12     | 18856 ||| STAIRDANCE
 18945 | D:13     | 18945 ||| INVOKING Heroism.
 19068 | D:13     | 19068 ||| Stepping ~*~*~tactically~*~*~ (hiding).
 19069 | D:13     | 19069 ||| Stepping ~*~*~tactically~*~*~ (hiding).
 19161 | D:13     | 19161 ||| READING 2 scrolls of brand weapon.
 19161 | D:13     | 19161 ||| BRANDING +5 broad axe of venom.
 19162 | D:13     | 19162 ||| READING scroll of brand weapon.
 19162 | D:13     | 19162 ||| BRANDING +5 broad axe of freezing.
 19163 | D:13     | 19163 ||| DROPPING +1 vampiric eveningstar.
 19315 | D:13     | 19315 ||| Stepping ~*~*~tactically~*~*~ (hiding).
 19318 | D:13     | Received a gift from Okawaru
 19345 | D:13     | 19345 ||| INVOKING Heroism.
 19521 | D:13     | 19521 ||| Stepping ~*~*~tactically~*~*~ (stealth).
 19755 | D:13     | 19755 ||| INVOKING Heroism.
 19757 | D:13     | 19757 ||| INVOKING Finesse.
 20028 | D:13     | Noticed Rupert
 20029 | D:13     | 20029 ||| INVOKING Heroism.
 20030 | D:13     | 20030 ||| INVOKING Finesse.
 20044 | D:13     | Killed Rupert
 20045 | D:13     | Reached XP level 15. HP: 71/96 MP: 15/22
 20150 | D:13     | 20150 ||| Stepping ~*~*~tactically~*~*~ (hiding).
 20196 | D:13     | 20196 ||| READING 14 scrolls of identify.
 20196 | D:13     | 20196 ||| IDENTIFYING ruby potion
 20244 | D:14     | 20244 ||| PLANNING GAUNTLET
 20250 | D:14     | Found a gate leading to a gauntlet.
 20258 | Gauntlet | Entered a Gauntlet
 20258 | Gauntlet | Found a transporter.
 20258 | Gauntlet | Found a transporter.
 20273 | Gauntlet | Found a transporter.
 20278 | Gauntlet | Found a transporter.
 20286 | Gauntlet | Found a transporter.
 20290 | Gauntlet | Found a transporter.
 20299 | Gauntlet | Found a transporter.
 20317 | Gauntlet | Found a transporter.
 20334 | Gauntlet | Found a transporter.
 20338 | Gauntlet | Found a transporter.
 20346 | Gauntlet | Found a transporter.
 20351 | Gauntlet | Found a transporter.
 20403 | Gauntlet | 20403 ||| Stepping randomly (stuck).
 20404 | Gauntlet | 20404 ||| INVOKING Heroism.
 20407 | Gauntlet | 20407 ||| Stepping randomly (stuck).
 20508 | Gauntlet | Received a gift from Okawaru
 20512 | Gauntlet | 20512 ||| Stepping ~*~*~tactically~*~*~ (stealth).
 20539 | Gauntlet | 20539 ||| DROPPING +2 chain mail of cold resistance.
 20540 | Gauntlet | 20540 ||| DROPPING +3 chain mail of fire resistance.
 20541 | Gauntlet | 20541 ||| UPGRADING to +1 crystal plate armour.
 20551 | Gauntlet | 20551 ||| DROPPING +6 scale mail of Shadows and Fog
                  | {Rampage Will+ Str+8 Int-2}.
 20589 | Gauntlet | 20589 ||| INVOKING Heroism.
 20668 | D:14     | 20668 ||| PLANNING D
 20763 | D:14     | 20763 ||| Stepping ~*~*~tactically~*~*~ (hiding).
 20765 | D:14     | 20765 ||| INVOKING Heroism.
 20956 | D:14     | Noticed Frances
 20957 | D:14     | 20957 ||| INVOKING Heroism.
 20958 | D:14     | 20958 ||| INVOKING Finesse.
 20972 | D:14     | Killed Frances
 20973 | D:14     | Reached skill level 12 in Armour
 21165 | D:14     | 21165 ||| INVOKING Heroism.
 21197 | D:14     | 21197 ||| INVOKING Heroism.
 21198 | D:14     | HP: 19/96 [vault guard/+0 long sword (7)]
 21199 | D:14     | 21199 ||| READING 4 scrolls of teleportation.
 21200 | D:14     | 21200 ||| DRINKING potion of heal wounds.
 21221 | D:14     | Reached skill level 12 in Shields
 21402 | D:14     | 21402 ||| Stepping ~*~*~tactically~*~*~ (hiding).
 21403 | D:14     | 21403 ||| Stepping ~*~*~tactically~*~*~ (hiding).
 21449 | D:14     | Found a hazy altar of Hepliaklqana.
 21490 | D:14     | Found a gate to the Vaults.
 21502 | D:14     | 21502 ||| Stepping ~*~*~tactically~*~*~ (stealth).
 21504 | D:14     | 21504 ||| Stepping ~*~*~tactically~*~*~ (stealth).
 21506 | D:14     | 21506 ||| Stepping ~*~*~tactically~*~*~ (stealth).
 21507 | D:14     | 21507 ||| Stepping ~*~*~tactically~*~*~ (stealth).
 21778 | D:14     | Identified the +1 spear "Zithrili" {flame, rElec Int+6
                  | Dex+2}
 21816 | D:14     | 21816 ||| INVOKING Heroism.
 21939 | D:15     | Entered Level 15 of the Dungeon
 21940 | D:15     | 21940 ||| STAIRDANCE
 21946 | D:14     | 21946 ||| INVOKING Heroism.
 22074 | D:15     | 22074 ||| STAIRDANCE
 22076 | D:14     | 22076 ||| INVOKING Heroism.
 22080 | D:14     | Reached skill level 6 in Throwing
 22087 | D:14     | Identified the +2 pair of boots "Hokoj" {-Cast rC+ rN+
                  | Str+2} (Okawaru gifted it to you on level 14 of the
                  | Dungeon)
 22087 | D:14     | Received a gift from Okawaru
 22267 | D:14     | 22267 ||| UPGRADING to +2 pair of boots "Hokoj" {-Cast rC+
                  | rN+ Str+2}.
 22277 | D:14     | 22277 ||| DROPPING +0 pair of boots.
 22280 | D:15     | 22280 ||| INVOKING Heroism.
 22294 | D:15     | HP: 22/96 [golden dragon zombie (6)]
 22295 | D:15     | 22295 ||| READING 3 scrolls of teleportation.
 22298 | D:15     | Found a staircase to the Depths.
 22299 | D:15     | 22299 ||| READING 2 scrolls of teleportation.
 22301 | D:15     | HP: 9/96 [skeletal warrior/+0 trident (3)]
 22303 | Abyss:2  | Cast into level 2 of the Abyss (a wizard)
 22315 | Abyss:2  | 22315 ||| READING scroll of teleportation.
 22486 | Abyss:2  | 22486 ||| Stepping ~*~*~tactically~*~*~ (stealth).
 22488 | Abyss:2  | 22488 ||| Stepping ~*~*~tactically~*~*~ (stealth).
 22491 | Abyss:2  | Noticed a bone dragon
 22492 | Abyss:2  | 22492 ||| Stepping ~*~*~tactically~*~*~ (stealth).
 22495 | Abyss:2  | 22495 ||| Stepping ~*~*~tactically~*~*~ (stealth).
 22496 | Abyss:2  | 22496 ||| Stepping ~*~*~tactically~*~*~ (stealth).
 22497 | Abyss:2  | 22497 ||| Stepping ~*~*~tactically~*~*~ (stealth).
 22563 | Abyss:2  | 22563 ||| Stepping ~*~*~tactically~*~*~ (stealth).
 22564 | Abyss:2  | 22564 ||| INVOKING Heroism.
 22565 | Abyss:2  | 22565 ||| INVOKING Finesse.
 22569 | Abyss:2  | 22569 ||| Stepping ~*~*~tactically~*~*~ (hiding).
 22609 | Abyss:2  | 22609 ||| Stepping ~*~*~tactically~*~*~ (stealth).
 22629 | Abyss:2  | Killed a bone dragon
 22630 | Abyss:2  | Reached XP level 16. HP: 38/101 MP: 23/23
 22657 | Abyss:2  | 22657 ||| INVOKING Heroism.
 22663 | Abyss:2  | 22663 ||| Stepping ~*~*~tactically~*~*~ (stealth).
 22667 | Abyss:2  | 22667 ||| Stepping ~*~*~tactically~*~*~ (hiding).
 22668 | Abyss:2  | 22668 ||| Stepping ~*~*~tactically~*~*~ (hiding).
 22687 | Abyss:2  | 22687 ||| INVOKING Heroism.
 22689 | Abyss:2  | 22689 ||| Stepping ~*~*~tactically~*~*~ (stealth).
 22690 | Abyss:2  | 22690 ||| Stepping ~*~*~tactically~*~*~ (hiding).
 22691 | Abyss:2  | 22691 ||| Stepping ~*~*~tactically~*~*~ (hiding).
 22696 | Abyss:2  | 22696 ||| INVOKING Finesse.
 22701 | Abyss:2  | Reached skill level 16 in Axes
 22721 | Abyss:2  | 22721 ||| Stepping ~*~*~tactically~*~*~ (hiding).
 22724 | Abyss:2  | 22724 ||| INVOKING Heroism.
 22750 | D:15     | Escaped the Abyss
 22894 | D:15     | 22894 ||| READING scroll of enchant weapon.
 22894 | D:15     | 22894 ||| ENCHANTING +5 broad axe of flaming.
 22895 | D:15     | 22895 ||| DROPPING +1 war axe of holy wrath.
 23031 | D:15     | 23031 ||| INVOKING Heroism.
 23050 | D:15     | Reached skill level 15 in Armour
 23213 | D:15     | Noticed Jorgrun
 23214 | D:15     | 23214 ||| Stepping ~*~*~tactically~*~*~ (stealth).
 23215 | D:15     | 23215 ||| Stepping ~*~*~tactically~*~*~ (hiding).
 23216 | D:15     | 23216 ||| Stepping ~*~*~tactically~*~*~ (stealth).
 23217 | D:15     | 23217 ||| INVOKING Heroism.
 23218 | D:15     | 23218 ||| INVOKING Finesse.
 23232 | D:15     | Killed Jorgrun
 23249 | D:15     | 23249 ||| Stepping ~*~*~tactically~*~*~ (stealth).
 23254 | D:15     | 23254 ||| Stepping ~*~*~tactically~*~*~ (stealth).
 23258 | D:15     | 23258 ||| Stepping ~*~*~tactically~*~*~ (stealth).
 23260 | D:15     | 23260 ||| Stepping ~*~*~tactically~*~*~ (stealth).
 23398 | D:15     | 23398 ||| Stepping ~*~*~tactically~*~*~ (stealth).
 23400 | D:15     | 23400 ||| Stepping ~*~*~tactically~*~*~ (stealth).
 23412 | D:15     | 23412 ||| INVOKING Heroism.
 23628 | D:15     | 23628 ||| PLANNING ORC
 23762 | Orc:1    | Entered Level 1 of the Orcish Mines
 23762 | Orc:1    | Found Bonoom's Book Shoppe.
 23762 | Orc:1    | Found Repsodea's Antique Armour Shoppe.
 23763 | Orc:1    | 23763 ||| INVOKING Heroism.
 23772 | Orc:1    | 23772 ||| DRINKING 7 potions of curing.
 23772 | Orc:1    | 23772 ||| (to cure confusion)
 23842 | Orc:1    | 23842 ||| INVOKING Heroism.
 23897 | Orc:2    | Entered Level 2 of the Orcish Mines
 23902 | Orc:2    | 23902 ||| INVOKING Heroism.
 23903 | Orc:2    | 23903 ||| INVOKING Finesse.
 23908 | Orc:2    | Received a gift from Okawaru
 24164 | Orc:1    | Noticed Erolcha
 24169 | Orc:1    | Killed Erolcha
 24181 | Orc:1    | 24181 ||| INVOKING Heroism.
 24199 | Orc:1    | Received a gift from Okawaru
 24227 | Orc:1    | Found Vynte's Weapon Shop.
 34633 | Orc:2    | Glimpsed the power of Zot.
 35125 | Orc:2    | Glimpsed the power of Zot.
 35519 | Orc:2    | Glimpsed the power of Zot.
 35618 | Orc:2    | Touched by the power of Zot.
 35619 | Orc:2    | Glimpsed the power of Zot.
 36111 | Orc:2    | Glimpsed the power of Zot.
 36505 | Orc:2    | Glimpsed the power of Zot.
 36603 | Orc:2    | Touched by the power of Zot.
 36604 | Orc:2    | Glimpsed the power of Zot.
 37096 | Orc:2    | Glimpsed the power of Zot.
 37490 | Orc:2    | Glimpsed the power of Zot.
 37588 | Orc:2    | Touched by the power of Zot.
 37589 | Orc:2    | Glimpsed the power of Zot.
 38081 | Orc:2    | Glimpsed the power of Zot.
 38475 | Orc:2    | Glimpsed the power of Zot.
 38573 | Orc:2    | Touched by the power of Zot.
 38574 | Orc:2    | Glimpsed the power of Zot.
 39066 | Orc:2    | Glimpsed the power of Zot.
 39460 | Orc:2    | Glimpsed the power of Zot.
 39558 | Orc:2    | Touched by the power of Zot.
 39559 | Orc:2    | Glimpsed the power of Zot.
 40051 | Orc:2    | Glimpsed the power of Zot.
 40445 | Orc:2    | Glimpsed the power of Zot.
 40543 | Orc:2    | Touched by the power of Zot.
 40544 | Orc:2    | Glimpsed the power of Zot.
 41036 | Orc:2    | Glimpsed the power of Zot.
 41430 | Orc:2    | Glimpsed the power of Zot.
 41528 | Orc:2    | Touched by the power of Zot.
 41529 | Orc:2    | Glimpsed the power of Zot.
 42021 | Orc:2    | Glimpsed the power of Zot.
 42415 | Orc:2    | Glimpsed the power of Zot.
 42513 | Orc:2    | Touched by the power of Zot.
 42514 | Orc:2    | Glimpsed the power of Zot.
 43006 | Orc:2    | Glimpsed the power of Zot.
 43400 | Orc:2    | Glimpsed the power of Zot.
 43498 | Orc:2    | Touched by the power of Zot.
 43499 | Orc:2    | Glimpsed the power of Zot.
 43991 | Orc:2    | Glimpsed the power of Zot.
 44385 | Orc:2    | Glimpsed the power of Zot.
 44483 | Orc:2    | Touched by the power of Zot.
 44484 | Orc:2    | Glimpsed the power of Zot.
 44976 | Orc:2    | Glimpsed the power of Zot.
 45370 | Orc:2    | Glimpsed the power of Zot.
 45468 | Orc:2    | Touched by the power of Zot.
 45469 | Orc:2    | Glimpsed the power of Zot.
 45961 | Orc:2    | Glimpsed the power of Zot.
 46355 | Orc:2    | Glimpsed the power of Zot.
 46453 | Orc:2    | Touched by the power of Zot.
 46454 | Orc:2    | Glimpsed the power of Zot.
 46946 | Orc:2    | Glimpsed the power of Zot.
 47340 | Orc:2    | Glimpsed the power of Zot.
 47438 | Orc:2    | Touched by the power of Zot.
 47439 | Orc:2    | Glimpsed the power of Zot.
 47931 | Orc:2    | Glimpsed the power of Zot.
 48325 | Orc:2    | Glimpsed the power of Zot.
 48423 | Orc:2    | Touched by the power of Zot.
 48424 | Orc:2    | Quit the game

Levels and vault maps discovered:
D:1:      wander_arrival_lonely_grave, layout_basic
D:2:      layout_loops_corners
D:3:      layout_loops_ring, lemuel_zombie_altar_kikubaaqudgha,
          ebering_ecumenical_altar_rust, uniq_natasha
D:4:      minmay_inner_zag, layout_loops_cross, minmay_checkerbox, uniq_duvessa,
          uniq_robin, uniq_sigmund
D:5:      layout_loops_cross, grunt_temple_overflow_gold_and_silver,
          overflow_temple_1_default, bloody_makhleb, serial_shops, shop
D:6:      layout_basic, kennysheep_mini_moat, mainiacjoe_overflow_boulevard,
          jmf_multi_god_temple2, mainiacjoe_overflow_alcove_1,
          minmay_temple_entry_statues_fountains, gammafunk_ghost_nasty_kobolds,
          gup_sewer_entry_pipe, chequers_serial_rivers_micro_b,
          nicolae_shop_vocational
D:7:      layout_basic, mainiacjoe_overflow_chevrons, lemuel_doored_altar,
          amethyst_killhole, minmay_guarded_unrand_staff_of_olgreb
D:8:      layout_loops_corners, special_room [special_room_orc], minivault_14
D:9:      kennysheep_kobold_camp, layout_rooms, jmf_multi_god_temple,
          erik_lair_orcish_takeover
D:10:     layout_irregular_city, skrybe_limestone_x, st_stairs_13,
          lightli_orcish_oven
D:11:     layout_basic, minmay_orc_entry_temple_small
D:12:     layout_loops_ring, uniq_maurice, uniq_urug
D:13:     layout_basic, kennysheep_island_fort, uniq_rupert
D:14:     layout_basic, erik_vaults_2, gauntlet_entry_generic,
          nzn_hepliaklqana_mist_gate, uniq_frances
D:15:     gammafunk_depths_entry_grave, layout_rooms, serial_park_square3
          [serial_park_minivault_5x5_5], uniq_jorgrun
Lair:1:   layout_chaotic_city, uniq_amaemon
Lair:2:   lemuel_ratsnest, layout_regular_city, beast_lair_carwin_9
Lair:3:   layout_concentric_octagons, minmay_shoals_entry_hut,
          minmay_snake_entry_six_corridors, gammafunk_ghost_cemetery,
          nicolae_lair_grazing_beasts [nicolae_sub_lair_graze_edge,
          nicolae_sub_lair_graze_edge, nicolae_sub_lair_graze_edge,
          nicolae_sub_lair_graze_edge], uniq_nessos
Lair:4:   layout_roguey, grunt_megastairs_2, infiniplex_staircase_pool_2,
          uniq_snorg
Lair:5:   hangedman_lair_tendril_chambers, layout_regular_city, slime_entry_1
Orc:1:    layout_caves, basic_altar, serial_shops,
          nicolae_shop_bloodbath_and_beyond, shop, shop, shop, shop,
          uniq_erolcha
Orc:2:    st_orc_rangers, layout_caves, ebering_ghost_gozag, led_sif_book,
          uniq_azrael

Skill      XL: |  1  2  3  4  5  6  7  8  9 10 11 12 13 14 15 16 |
---------------+-------------------------------------------------+-----
Axes           | 2 3 4 5 6 7 8 10 11 12 13 14 15 16 | 16.3
Fighting       | 4 5 6 7 9 10 11 12 | 12.0
Dodging        | 1 2 3 |  3.0
Throwing       | 1 2 5 6 7 |  7.0
Armour         | 4 6 8 9 10 11 14 15 | 15.0
Shields        | 4 5 6 7 10 12 13 | 13.0
Invocations    | 4 8 10 | 10.0

Action                   |  1- 3 |  4- 6 |  7- 9 | 10-12 | 13-15 | 16-18 || total
-------------------------+-------+-------+-------+-------+-------+-------++-------
Melee: War axe           |    81 |   108 |   375 |   602 |   166 |       ||  1332
       Broad axe         |       |       |       |       |   886 |   266 ||  1152
       Demon whip        |       |       |       |       |    26 |       ||    26
Throw: Boomerang         |       |    26 |    74 |    10 |     9 |       ||   119
       Javelin           |       |       |       |       |    42 |    18 ||    60
Invok: Heroism           |       |       |       |    20 |    43 |    10 ||    73
       Finesse           |       |       |       |     1 |    15 |     3 ||    19
  Use: Potion            |     2 |     1 |     2 |     1 |     1 |     1 ||     8
       Scroll            |       |     7 |     7 |    12 |    14 |     1 ||    41
 Stab: Distracted        |       |       |       |       |     1 |     1 ||     2
Armor: Scale mail        |     9 |       |       |       |    92 |       ||   101
       Chain mail        |    20 |    54 |    90 |       |       |       ||   164
       Plate armour      |       |       |   108 |   226 |   169 |       ||   503
       Crystal plate arm |       |       |       |       |   139 |    82 ||   221
Dodge: Dodged            |    22 |    40 |    97 |   147 |   286 |    50 ||   642
Block: Buckler           |    15 |    60 |   162 |   218 |   183 |       ||   638
       Reflection        |       |     1 |     1 |     6 |    13 |     2 ||    23
       Kite shield       |       |       |       |       |   313 |   132 ||   445

Table legend:
 A = Non-vault XP
 B = Vault XP
 C = Vault XP percentage of total XP
 D = Non-vault monster count
 E = Vault monster count
 F = Vault count percentage of total count
                 A         B        C        D         E       F
            +---------+---------+-------+---------+---------+-------
      Total |  106324 |   54444 |  33.9 |     477 |     288 |  37.6
            +---------+---------+-------+---------+---------+-------
        D:1 |      27 |       0 |   0.0 |      15 |       0 |   0.0
        D:2 |      56 |       0 |   0.0 |      25 |       0 |   0.0
        D:3 |      78 |      41 |  34.5 |      11 |       5 |  31.2
        D:4 |     814 |     635 |  43.8 |      26 |      21 |  44.7
        D:5 |     520 |       0 |   0.0 |      17 |       0 |   0.0
        D:6 |     935 |      10 |   1.1 |      17 |       5 |  22.7
        D:7 |     567 |       0 |   0.0 |      20 |       0 |   0.0
        D:8 |     836 |     770 |  47.9 |      13 |      26 |  66.7
        D:9 |    2301 |    1008 |  30.5 |      11 |      30 |  73.2
       D:10 |    1538 |     184 |  10.7 |      16 |       6 |  27.3
       D:11 |    1917 |     558 |  22.5 |      17 |      10 |  37.0
       D:12 |    6632 |    1241 |  15.8 |      20 |       2 |   9.1
       D:13 |    8015 |    4284 |  34.8 |      22 |       4 |  15.4
       D:14 |   15520 |    9295 |  37.5 |      29 |      10 |  25.6
       D:15 |   14504 |    9199 |  38.8 |      27 |      12 |  30.8
     Lair:1 |    5851 |    1202 |  17.0 |      25 |       2 |   7.4
     Lair:2 |    6220 |    1724 |  21.7 |      21 |      44 |  67.7
     Lair:3 |    5878 |    6313 |  51.8 |      18 |      23 |  56.1
     Lair:4 |    4862 |    1364 |  21.9 |      13 |       2 |  13.3
     Lair:5 |   11000 |   10172 |  48.0 |      34 |      36 |  51.4
      Orc:1 |    2706 |     882 |  24.6 |      24 |       1 |   4.0
      Orc:2 |    2885 |       0 |   0.0 |      25 |       0 |   0.0
    Abyss:2 |   12662 |       0 |   0.0 |      31 |       0 |   0.0
      Sewer |       0 |     283 | 100.0 |       0 |      36 | 100.0
   Gauntlet |       0 |    5279 | 100.0 |       0 |      13 | 100.0
            +---------+---------+-------+---------+---------+-------
